 Dungeon Crawl Stone Soup version 0.31.0-12-g77e489cdc1 (webtiles) character file.

Game seed: 10858409383651940033

146 Curundu the Chopper (level 5, -1/70 HPs)
             Began as a Minotaur Berserker on Feb 21, 2024.
             Was a Believer of Trog.
             Slain by a black bear (3 damage)
             ... on level 4 of the Dungeon.
             The game lasted 00:04:34 (1256 turns).

Curundu the Chopper (Minotaur Berserker)            Turns: 1256, Time: 00:04:35

Health: -1/70      AC:  2    Str: 24    XL:     5   Next: 7%
Magic:  4/4        EV: 12    Int:  4    God:    Trog [**....]
Gold:   124        SH:  0    Dex:  9    Spells: 4/4 levels left

rFire   . . .        a - +0 hand axe
rCold   . . .        (no shield)
rNeg    . . .        b - +0 animal skin
rPois   .            (helmet restricted)
rElec   .            (no cloak)
rCorr   .            (no gloves)
SInv    .            (no boots)
Will    .....        (no amulet) Stlth
                     (no ring)
HPRegen 0.31/turn    (no ring)
MPRegen 0.09/turn

%: no passive effects
@: berserking, very quick
A: horns 2, retaliatory headbutt
a: Renounce Religion, Berserk, Trog's Hand


You were on level 4 of the Dungeon.
You worshipped Trog.
Trog was pleased with you.
You visited 1 branch of the dungeon, and saw 3 of its levels.

You collected 124 gold pieces.

Inventory:

Hand Weapons
 a - a +0 hand axe (weapon)
Armour
 b - a +0 animal skin (worn)
Scrolls
 c - 2 scrolls of identify {unknown}
 d - 2 scrolls of teleportation {unknown}
 f - 2 scrolls of immolation {unknown}
Potions
 e - 3 potions of curing {unknown}


   Skills:
 + Level 4.7 Fighting
 + Level 5.1 Axes
 + Level 3.1 Armour
 + Level 3.2 Dodging
 + Level 0.3 Stealth


You had 4 spell levels left.
You didn't know any spells.
Your spell library was empty.

Dungeon Overview and Level Annotations

Branches:
Dungeon (2/15)

Altars:


Innate Abilities, Weirdness & Mutations

You have a pair of horns on your head.
You reflexively headbutt those who attack you in melee.


Message History

You slash the bombardier beetle!
The bombardier beetle is heavily wounded.
The bombardier beetle misses you.
You hit the bombardier beetle but do no damage.
You headbutt the bombardier beetle!
You kill the bombardier beetle!
Trog accepts your kill.
Your Axes skill increases to level 5!
You have reached level 5!
Items here: )) ††.
A black bear comes into view.
The black bear misses you. The black bear barely misses you.
The black bear misses you.
You barely miss the black bear.
The black bear bites you but does no damage.
The black bear claws you. x2
You hit the black bear. Your headbutt misses the black bear.
The black bear is lightly wounded.
The black bear bites you. The black bear claws you.
The black bear closely misses you.
You hit the black bear. Your headbutt misses the black bear.
The black bear is lightly wounded.
The black bear bites you! The black bear closely misses you. x2
You completely miss the black bear.
The black bear is lightly wounded.
The black bear bites you. The black bear claws you. x2
The black bear bites you. The black bear claws you. x2
* * * LOW HITPOINT WARNING * * *
You hit the black bear. You headbutt the black bear.
The black bear is heavily wounded.
The black bear bites you.
* * * LOW HITPOINT WARNING * * *
The black bear claws you.
* * * LOW HITPOINT WARNING * * *
The black bear barely misses you.
A red film seems to cover your vision as you go berserk!
You feel yourself moving faster!
You feel mighty! The black bear bites you.
* * * LOW HITPOINT WARNING * * *
The black bear completely misses you. The black bear claws you.
You die...

#. #..########### ..
#.............
#######.############
#.......# #.#######
#.# #.#########
#.#........
#..@h...# ###.###.#
#.# #.. #..# #..#
#..# #..#


You could see a black bear.

Vanquished Creatures
  A bombardier beetle (D:4)
  2 orc wizards (D:4)
  3 adders (D:2)
  2 dart slugs (D:1)
  3 orcs (D:4)
  3 ball pythons (D:1)
  4 endoplasms (D:1)
  A giant cockroach (D:1)
  6 goblins
  2 hobgoblins (D:1)
  2 quokkas
  3 bats (D:1)
  2 frilled lizards
  2 rats (D:1)
36 creatures vanquished.

Notes
Turn   | Place    | Note
-------+----------+-------------------------------------------
     0 | D:1      | Curundu the Minotaur Berserker began the quest for the Orb.
     0 | D:1      | Reached XP level 1. HP: 19/19 MP: 0/0
   215 | D:1      | Reached skill level 4 in Axes
   215 | D:1      | Reached XP level 2. HP: 27/27 MP: 1/1
   937 | D:2      | Reached ** piety under Trog
   938 | D:2      | Reached XP level 3. HP: 18/33 MP: 2/2
  1006 | D:2      | You fall into a shaft and drop 2 floors!
  1024 | D:4      | Reached XP level 4. HP: 35/41 MP: 3/3
  1206 | D:4      | Reached skill level 5 in Axes
  1206 | D:4      | Reached XP level 5. HP: 47/47 MP: 4/4
  1248 | D:4      | Noticed a black bear
  1256 | D:4      | HP: 2/70 [black bear (6)]
  1256 | D:4      | Slain by a black bear

Illustrated notes

Levels and vault maps discovered:
D:1:      psy_arrival_whirlpool, layout_basic, serial_curves, eino_curves_04,
          eino_curves_02
D:2:      layout_rooms, minmay_tall_x, uniq_sigmund, uniq_terence
D:4:      layout_loops_ring, general_overflow_altar, nicolae_wooded_promenade,
          minmay_misc_feat_pillars

Skill      XL: |  1  2  3  4 |
---------------+-------------+-----
Axes           | 4 5 |  5.1
Fighting       | 4 |  4.7
Armour         | 3 |  3.1
Dodging        | 3 |  3.2
Stealth        | |  0.3

Action                     |  1- 3 |  4- 6 || total
---------------------------+-------+-------++-------
  Melee: Hand axe          |    71 |    12 ||    83
         Headbutt          |    14 |     2 ||    16
 Invoke: Berserk           |     1 |     1 ||     2
         Trog's Hand       |     1 |       ||     1
 Armour: Animal skin       |    45 |    18 ||    63
  Dodge: Dodged            |    53 |    11 ||    64
